 Dungeon Crawl Stone Soup version 0.28-a0-1518-gbe868bca14 (webtiles) character file.

Game seed: 723105842736399380

5037 shadowrider38 the Impaler (level 10, -1/83 HPs)
             Began as a Merfolk Gladiator on Jan 16, 2022.
             Was a Believer of Okawaru.
             Killed from afar by an acid dragon (26 damage)
             ... with a splash of acid
             ... on level 7 of the Dungeon.
             The game lasted 00:20:04 (10763 turns).

shadowrider38 the Impaler (Merfolk Gladiator)      Turns: 10763, Time: 00:20:04

Health: -1/83      AC:  4    Str: 19    XL:     10   Next: 55%
Magic:  9/10       EV: 13    Int:  7    God:    Okawaru [**....]
Gold:   363        SH:  5    Dex: 16    Spells: 9/9 levels left

rFire   + . .      SeeInvis .   a - +0 halberd (flame)
rCold   + . .      Faith    .   (shield currently unavailable)
rNeg    . . .      Spirit   .   g - +3 scale mail
rPois   .          Reflect  +   c - +0 helmet
rElec   .          Harm     .   m - +0 cloak
rCorr   .          Rampage  .   p - +0 pair of gloves
Will    .....                   (no boots)
Stlth   ..........              f - amulet of reflection
HPRegen 0.23/turn               r - ring of protection from cold
MPRegen 0.12/turn               I - ring of protection from fire

@: about to teleport, corroded
A: (nimble swimmer 2), mertail
a: Renounce Religion, Heroism


You were on level 7 of the Dungeon.
You worshipped Okawaru.
Okawaru was pleased with you.
You visited 2 branches of the dungeon, and saw 8 of its levels.

You collected 363 gold pieces.

Inventory:

Hand Weapons
 a - a +0 halberd of flaming (weapon)
 b - a +2 flail of venom
 J - the +6 quarterstaff of Dithmenos's Favour {flame, Str+4 Int+4}
   (You found it on level 6 of the Dungeon)

   It burns those it strikes, dealing additional fire damage.
   Str:       It affects your strength (+4).
   Int:       It affects your intelligence (+4).
Missiles
 d - 7 throwing nets (quivered)
 e - 349 stones
 o - 9 poisoned darts
 D - 11 boomerangs
Armour
 c - a +0 helmet (worn)
 g - a +3 scale mail (worn)
 m - a +0 cloak (worn)
 p - a +0 pair of gloves (worn)
 C - a +0 tower shield
Jewellery
 f - an amulet of reflection (around neck)
 r - a ring of protection from cold (left hand)
 t - a ring of positive energy
 I - a ring of protection from fire (right hand)
Wands
 H - a wand of charming (6)
 K - a wand of polymorph (15)
 M - a wand of acid (2)
Scrolls
 h - a scroll of magic mapping {unknown}
 j - a scroll of fog
 k - a scroll of summoning
 l - a scroll of teleportation
 s - a scroll of amnesia
 w - a scroll of blinking {unknown}
 x - a scroll of fear {unknown}
 y - 2 scrolls of enchant weapon {unknown}
 z - a scroll of holy word {unknown}
 B - a scroll of vulnerability {unknown}
 E - a scroll of immolation {unknown}
 F - a scroll of enchant armour {unknown}
Potions
 i - 2 potions of heal wounds {unknown}
 n - a potion of lignification {unknown}
 q - 6 potions of curing
 u - 2 potions of attraction
 v - 2 potions of degeneration {unknown}
 A - 2 potions of ambrosia {unknown}
 G - 2 potions of berserk rage {unknown}
 L - a potion of might
 N - a potion of brilliance {unknown}
 O - 2 potions of magic {unknown}


   Skills:
 - Level 9.0 Fighting
 - Level 16.0 Polearms
 - Level 2.0 Throwing
 + Level 7.2 Dodging
 - Level 5.0 Evocations


You had 9 spell levels left.
You didn't know any spells.
Your spell library contained the following spells:

 Spells                   Type           Power      Damage    Failure   Level
 Beastly Appendage        Tmut           0%         N/A       83%         1
 Magic Dart               Conj           0%         1d3       83%         1
 Slow                     Hex            0%         N/A       83%         1
 Blink                    Tloc           0%         N/A       92%         2
 Ensorcelled Hibernation  Hex/Ice        0%         N/A       92%         2
 Passwall                 Tmut/Erth      0%         N/A       92%         2
 Wereblood                Tmut           0%         N/A       92%         2
 Confusing Touch          Hex            0%         N/A       99%         3
 Mephitic Cloud           Conj/Pois/Air  0%         N/A       99%         3
 Spider Form              Tmut/Pois      0%         N/A       99%         3
 Swiftness                Air            0%         N/A       99%         3
 Vampiric Draining        Necr           0%         2d6       99%         3
 Passage of Golubria      Tloc           0%         N/A       100%        4
 Manifold Assault         Tloc           0%         N/A       100%        5
 Yara's Violent Unravell  Hex/Tmut       0%         3d3       100%        5
 Storm Form               Tmut/Air       0%         N/A       100%        7
 Call Imp                 Summ           Unusable   N/A       N/A         2
 Tukima's Dance           Hex            Unusable   N/A       N/A         3

Dungeon Overview and Level Annotations

Branches:
Dungeon (7/15)             Temple (1/1) D:7

Altars:
Ashenzari
Cheibriados
Dithmenos
Elyvilon
Fedhas
Gozag
Hepliaklqana
Kikubaaqudgha
Makhleb
Nemelex Xobeh
Okawaru
Qazlal
Ru
Sif Muna
Trog
Uskayaw
Vehumet
Wu Jian
Xom
Yredelemnul
Zin
The Shining One

Shops:
D:5 (

Annotations:
D:7 1 runed translucent door, Crazy Yiuf, Menkaure


Innate Abilities, Weirdness & Mutations

((You are very nimble when in or above water. (Stealth+, EV+, Speed+++)))
Your lower body shifts to a powerful aquatic tail in water.


Message History

The boulder beetle is moderately wounded.
The boulder beetle barely misses you.
You hit the boulder beetle but do no damage.
The boulder beetle is moderately wounded.
The boulder beetle closely misses you.
You hit the boulder beetle. You burn the boulder beetle.
The boulder beetle is moderately wounded.
You block the boulder beetle's attack.
You hit the boulder beetle but do no damage.
The boulder beetle is moderately wounded.
You hit the boulder beetle. You burn the boulder beetle.
The boulder beetle is heavily wounded.
The boulder beetle misses you. The acid dragon spits acid at you.
The splash of acid hits you!!
You hit the boulder beetle but do no damage.
The boulder beetle is heavily wounded.
The boulder beetle bites you!!
You hit the boulder beetle but do no damage.
The boulder beetle is heavily wounded.
The acid dragon spits acid at you.
The splash of acid hits you but does no damage.
The acid corrodes you!
You completely miss the boulder beetle.
The boulder beetle is heavily wounded.
The boulder beetle leaps!
The acid dragon spits acid at you. The splash of acid hits you!!
* * * LOW HITPOINT WARNING * * *
The acid corrodes you!
There is an open door here.
Okay, then.
Unknown command.
Unknown command.
As you read the scroll of teleportation, it crumbles to dust.
You feel strangely unstable.
You feel like a meek peon again. The acid dragon spits acid at you.
The splash of acid hits you!!
You die...

..###..#.##.[.##.###..#####..#
..#.....#.##..#..#..####.....#
.###..#..#.##...###..# #######
.#..##.#..#.##..#..###
###..##.#..#.#####..#
#..#####.#..#.##..###.#
##..#..##.#..#.##..#..
..###...##.#..#..###.#
#..#..#..##.#...@.#B.##
.###.##...##.#..###...
..#..#..#..##.#D.#..##
###.##.##...##..##°..#
.'..#..#..#..##.'..#
####################### #
#..............###.##### #
#.########.#.#.........# # #.#
#....####.###.#


You could see an acid dragon (catching breath).

Vanquished Creatures
  Pikel (D:7)
  A komodo dragon (D:7)
  Prince Ribbit (D:7)
  6 yaks (D:7)
  3 steam dragons
  4 water moccasins
  2 ice beasts
  2 sky beasts
  2 ogres
  A centaur (D:7)
  3 lemures (D:7)
  3 bullfrogs
  2 gnoll sergeants (D:5)
  A scorpion (D:5)
  A water moccasin zombie (D:7)
  A wyvern skeleton (D:7)
  A killer bee (D:6)
  A howler monkey (D:5)
  2 centaur zombies
  2 jellies
  3 hounds (D:5)
  A bullfrog skeleton (D:7)
  5 gnoll shamans
  An orc priest (D:7)
  3 centaur skeletons
  2 iguanas
  3 orc wizards
  2 hound skeletons
  43 gnolls
  5 adders
  An ufetubus (D:4)
  2 dart slugs
  24 orcs
  9 ball pythons
  3 bats
  6 endoplasms
  3 giant cockroaches
  4 hobgoblins
  14 jackals
  8 kobolds
  3 quokkas
  2 frilled lizards
  14 goblins
  6 rats
207 creatures vanquished.

Vanquished Creatures (others)
  An adder (D:4)
  A plant (D:5)
2 creatures vanquished.

Grand Total: 209 creatures vanquished

Notes
Turn   | Place    | Note
-------+----------+-------------------------------------------
     0 | D:1      | shadowrider38 the Merfolk Gladiator began the quest for the
                  | Orb.
     0 | D:1      | Reached XP level 1. HP: 16/16 MP: 1/1
    33 | D:1      | Reached skill level 5 in Polearms
    33 | D:1      | Reached XP level 2. HP: 7/23 MP: 2/2
   443 | D:1      | Found a faded altar of an unknown god.
   617 | D:1      | Reached XP level 3. HP: 28/28 MP: 3/3
  1487 | D:2      | Reached skill level 6 in Polearms
  1665 | D:2      | Reached XP level 4. HP: 14/35 MP: 4/4
  2058 | D:3      | Found a blossoming altar of Fedhas.
  2557 | D:4      | Found a shimmering altar of Xom.
  2619 | D:3      | Reached skill level 7 in Polearms
  2619 | D:3      | Reached XP level 5. HP: 34/41 MP: 5/5
  2762 | D:4      | Noticed a steam dragon
  2940 | D:4      | HP: 2/42 [steam dragon/ball of steam (12)]
  2945 | D:4      | Killed a steam dragon
  2946 | D:4      | Reached skill level 8 in Polearms
  2946 | D:4      | Reached XP level 6. HP: 3/49 MP: 6/6
  4411 | D:4      | Reached skill level 9 in Polearms
  4505 | D:5      | Entered Level 5 of the Dungeon
  4560 | D:5      | Noticed a water moccasin
  4560 | D:5      | Found Ekhurch's Antique Weapon Shoppe.
  4560 | D:5      | Noticed an ice beast
  4567 | D:4      | Killed a water moccasin
  4568 | D:4      | Reached skill level 5 in Fighting
  4568 | D:4      | Reached XP level 7. HP: 21/56 MP: 7/7
  4867 | D:4      | Reached skill level 10 in Polearms
  5102 | D:5      | Found a glowing drain.
  5445 | D:5      | Reached skill level 11 in Polearms
  5448 | D:5      | Reached XP level 8. HP: 37/64 MP: 8/8
  6416 | D:5      | Reached skill level 12 in Polearms
  7115 | D:5      | Reached skill level 13 in Polearms
  7414 | D:5      | Reached XP level 9. HP: 60/72 MP: 9/9
  7619 | D:6      | Identified the +6 quarterstaff of Dithmenos's Favour
                  | {flame, Str+4 Int+4}
  7694 | D:6      | Reached skill level 14 in Polearms
  8327 | D:7      | Found a staircase to the Ecumenical Temple.
  8340 | Temple   | Entered the Ecumenical Temple
  8679 | Temple   | Became a worshipper of Warmaster Okawaru
  8849 | D:7      | Found a runed translucent door.
  8850 | D:7      | Noticed Crazy Yiuf
  8921 | D:7      | Noticed Pikel
  8921 | D:7      | Noticed Prince Ribbit
  9084 | D:7      | Reached skill level 15 in Polearms
  9160 | D:7      | Killed Pikel
  9160 | D:7      | Reached * piety under Okawaru
  9274 | D:7      | Killed Prince Ribbit
  9304 | D:7      | Noticed a komodo dragon
  9339 | D:6      | Reached skill level 16 in Polearms
  9353 | D:6      | Reached XP level 10. HP: 70/83 MP: 10/10
  9433 | D:7      | Reached skill level 1 in Evocations
  9640 | D:7      | Noticed Menkaure
  9644 | D:7      | Reached ** piety under Okawaru
 10111 | D:7      | Reached skill level 5 in Evocations
 10325 | D:7      | Reached skill level 5 in Dodging
 10748 | D:7      | Noticed a boulder beetle
 10763 | D:7      | Killed from afar by an acid dragon

Illustrated notes

Levels and vault maps discovered:
D:1:      wander_arrival_fairy_ring, layout_rooms, basic_ecumenical_altar,
          minivault_26, minmay_heptomino_d4
D:2:      layout_basic
D:3:      layout_loops_ring, fedhas_ov_isle_minmay
D:4:      layout_rooms, xom_teletrap_fun, abandoned_shop, minmay_goblin_outpost
D:5:      lemuel_castle_with_subvaults [lemuel_castle_interior_carwin_3],
          layout_basic, portal_sewer_entry_b, kennysheep_windowed_goal
D:6:      layout_rooms
D:7:      minmay_razor_zed, layout_loops_corners, minmay_temple_entry_tees,
          uniq_pikel, uniq_menkaure, uniq_prince_ribbit1,
          uniq_crazy_yiuf_cottage
Temple:   mainiacjoe_temple_cubbyholes

Skill      XL: |  1  2  3  4  5  6  7  8  9 10 |
---------------+-------------------------------+-----
Polearms       | 5 6 7 8 9 11 13 16 | 16.0
Fighting       | 3 4 5 7 9 |  9.0
Evocations     | 5 |  5.0
Dodging        | 7 |  7.2
Throwing       | |  2.0

Action                   |  1- 3 |  4- 6 |  7- 9 | 10-12 || total
-------------------------+-------+-------+-------+-------++-------
Melee: Trident           |   101 |   148 |       |       ||   249
       Punch             |       |     3 |       |       ||     3
       Halberd           |       |    10 |   405 |    98 ||   513
       Tailslap          |       |       |     2 |       ||     2
Invok: Heroism           |       |       |       |     1 ||     1
Evoke: Wand              |       |     2 |       |       ||     2
  Use: Scroll            |       |     1 |     5 |     2 ||     8
       Potion            |       |     1 |       |       ||     1
 Stab: Sleeping          |       |     1 |       |       ||     1
Armor: Leather armour    |    13 |    27 |       |       ||    40
       Scale mail        |       |       |    91 |    16 ||   107
Dodge: Dodged            |    33 |    99 |   139 |    25 ||   296
Block: Other             |     4 |    25 |    63 |    12 ||   104
       Reflection        |       |     1 |       |     2 ||     3

Table legend: (Time is in decaauts)
 A = Elapsed time spent in this place.
 B = Non-inter-level travel time spent in this place.
 C = Inter-level travel time spent in this place.
 D = Time resting spent in this place.
 E = Time spent auto-exploring this place.
 F = Levels seen in this place.
 G = Mean time per level.
                   A        B        C        D        E       F      G
               +--------+--------+--------+--------+--------+-----+--------+
         Total |  10623 |   9878 |    745 |   3765 |   4202 |   8 | 1327.9 |
       Dungeon |  10260 |   9587 |    673 |   3765 |   3913 |   7 | 1465.7 |
        Temple |    363 |    291 |     72 |      0 |    289 |   1 |  363.0 |
               +--------+--------+--------+--------+--------+-----+--------+

Top non-repeatable levels by time:
     D:4: 2173 daAuts
     D:5: 2152 daAuts
     D:7: 1891 daAuts
     D:3: 1357 daAuts
     D:2: 1073 daAuts
     D:1: 885 daAuts
     D:6: 726 daAuts
  Temple: 363 daAuts
